Map: Equilibrium LE

Players

Subwayeatn

  • Race: Zerg Zerg
  • League: Diamond
  • Spawn Location: 1:00

Riven - Winner!

  • Race: Protoss Protoss
  • League: Diamond
  • Spawn Location: 11:00

VOD

Have the link to the VOD?

Description

Time

  • Played on: Nov. 15, 2023, 4:25 p.m.
  • Length: 11:54
Show
View Real Time Build Order
Export as new Build Order

Subwayeatn Zerg 

Build Orders: Hatch First 

Get SALT Encoding   

  12  0:01  Drone  
  13  0:12  Overlord  
  13  0:18  Drone  
  14  0:31  Drone x2  
  16  0:50  Hatchery  
  16  0:55  Drone  
  16  0:56  Drone  
  17  1:05  Drone  
  17  1:07  Extractor  
  17  1:18  Spawning Pool  
  17  1:20  Drone  
  17  1:23  Drone  
  18  1:28  Drone  
  19  1:39  Drone  
  20  2:05  Queen x2  
  20  2:08  Zergling x2  
  25  2:12  Metabolic Boost  
  25  2:16  Drone x3  
  25  2:18  Overlord  
  28  2:23  Overlord  
  28  2:38  Drone x3  
  31  2:47  Queen  
  33  2:59  Drone x3  
  33  3:00  Drone  
  33  3:03  Hatchery  
  36  3:08  Queen  
  36  3:10  Overlord  
  38  3:14  Overlord  
  38  3:25  Drone x2  
  40  3:38  Queen  
  42  3:42  Spore Crawler  
  42  3:43  Spore Crawler  
  42  3:46  Drone, Spore Crawler  
  42  3:47  Drone x4, Spore Crawler  
  43  3:51  Overlord  
  43  3:56  Drone x3  
  46  4:03  Overlord  
  46  4:05  Overlord  
  46  4:09  Drone x3  
  49  4:12  Extractor  
  49  4:15  Extractor  
  49  4:16  Drone x2, Extractor  
  48  4:23  Drone  
  49  4:25  Queen  
  51  4:44  Drone x3  
  51  4:45  Drone x3  
  53  4:46  Drone  
  53  4:49  Spore Crawler  
  53  4:52  Drone x2, Spore Crawler  
  54  4:53  Drone x2, Spore Crawler  
  54  4:55  Unknown  
  54  4:57  Drone x2  
  56  5:01  Lair  
  56  5:04  Drone  
  56  5:07  Drone  
  58  5:20  Drone  
  58  5:21  Drone x3  
  62  5:25  Drone  
  62  5:26  Drone  
  62  5:28  Drone x2  
  66  5:33  Drone x3  
  66  5:35  Drone x3  
  71  5:44  Evolution Chamber  
  71  5:45  Evolution Chamber  
  69  5:51  Zergling x2  
  69  5:52  Zergling x12  
  76  5:58  Overseer  
  76  6:04  Zergling x16  
  84  6:15  Drone  
  84  6:16  Spire  
  84  6:20  Zerg Melee Weapons Level 1  
  84  6:21  Zerg Ground Armor Level 1  
  84  6:22  Zergling x2  
  84  6:23  Zergling x8  
  84  6:25  Overlord x6  
  89  6:41  Overlord x3  
  89  6:45  Overseer  
  89  7:03  Zergling x2, Hatchery  
  89  7:24  Drone x3  
  92  7:37  Drone  
  92  7:38  Infestation Pit, Zerg Flyer Weapons Level 1  
  92  7:40  Overlord x3  
  92  7:44  Corruptor x2  
  92  7:45  Corruptor x4  
  92  7:46  Corruptor x2  
  92  7:49  Mutalisk  
  92  7:50  Mutalisk x5  
  120  7:53  Overseer  
  120  7:57  Drone x6  
  125  8:14  Zergling x2  
  125  8:15  Zergling x14  
  125  8:18  Zerg Melee Weapons Level 2  
  133  8:23  Drone  
  133  8:24  Baneling Nest  
  132  8:42  Hydralisk Den  
  128  8:52  Infestor x3  
  128  8:53  Infestor  
  135  9:02  Zerg Missile Weapons Level 1  
  135  9:05  Drone x2  
  135  9:06  Drone x12  
  135  9:07  Queen  
  135  9:09  Extractor  
  150  9:22  Hydralisk x6  
  155  9:51  Hydralisk  
  155  9:52  Hydralisk x12  
  175  9:58  Drone  
  175  9:59  Extractor  
  179  10:04  Zergling x2  
  179  10:05  Zergling x6  
  182  10:25  Hydralisk  
  182  10:27  Overlord x4  
  182  10:28  Overlord  
  145  10:46  Zergling x2  
  145  10:47  Zergling x30  
  131  10:55  Grooved Spines  
  127  10:59  Zergling x2  
  127  11:00  Zergling x6  
  111  11:11  Zergling x4  
  111  11:12  Zergling x4  
  115  11:20  Zergling x4  
  115  11:21  Zergling x2  
  118  11:29  Overseer  
  98  11:41  Extractor  
  98  11:42  Hatchery  
  98  11:46  Extractor  
Show
View Real Time Build Order
Export as new Build Order

Riven Protoss - Winner!

Build Orders: Oracle Opening 

Get SALT Encoding   

  12  0:00  Probe  
  13  0:12  Probe  
  14  0:20  Pylon  
  14  0:24  Probe  
  15  0:38  Gateway, Probe (Chrono Boost)  
  16  0:47  Assimilator  
  17  0:50  Probe (Chrono Boost)  
  17  0:55  Probe (Chrono Boost)  
  18  1:04  Probe (Chrono Boost)  
  19  1:17  Probe (Chrono Boost)  
  20  1:21  Pylon  
  20  1:25  Probe (Chrono Boost)  
  21  1:31  Cybernetics Core  
  21  1:35  Probe  
  22  1:53  Nexus  
  22  1:59  Gateway  
  22  2:07  Probe, Assimilator  
  23  2:23  Stargate  
  23  2:31  Warp Gate  
  23  2:32  Zealot  
  25  2:45  Adept  
  25  2:50  Probe  
  27  3:02  Probe  
  27  3:05  Probe  
  29  3:07  Oracle (Chrono Boost)  
  32  3:13  Stalker  
  32  3:17  Probe  
  32  3:18  Probe  
  36  3:28  Zealot  
  36  3:29  Probe  
  36  3:30  Probe  
  40  3:41  Probe  
  40  3:42  Oracle (Chrono Boost), Probe  
  40  3:45  Pylon  
  45  3:53  Probe  
  46  4:03  Probe  
  46  4:04  Pylon  
  46  4:05  Probe  
  48  4:15  Probe  
  49  4:17  Probe  
  49  4:18  Gateway  
  49  4:21  Pylon  
  50  4:27  Probe  
  50  4:28  Assimilator  
  50  4:30  Probe, Assimilator  
  50  4:31  Adept x2  
  53  4:49  Probe x2  
  55  5:01  Probe x2  
  55  5:04  Twilight Council  
  55  5:05  Gateway  
  57  5:10  Nexus  
  57  5:13  Pylon  
  57  5:14  Stalker  
  59  5:16  Pylon, Stalker  
  61  5:22  Probe  
  61  5:23  Probe  
  60  5:32  Adept  
  62  5:39  Shield Battery  
  62  5:41  Charge  
  62  5:44  Shield Battery  
  62  5:50  Forge  
  62  5:56  Stalker x2  
  62  5:57  Stalker  
  68  6:00  Probe x2  
  70  6:12  Probe  
  70  6:14  Probe  
  70  6:18  Protoss Ground Weapons Level 1 (Chrono Boost)  
  72  6:21  Forge  
  72  6:24  Probe  
  73  6:26  Stalker  
  73  6:27  Stalker  
  73  6:31  Photon Cannon  
  77  6:34  Probe x2  
  77  6:36  Probe, Photon Cannon  
  80  6:42  Robotics Facility  
  80  6:46  Templar Archives  
  80  6:52  Assimilator  
  80  6:53  Probe  
  80  6:54  Probe x2  
  83  6:56  Assimilator  
  83  7:05  Probe  
  83  7:06  Probe x2  
  83  7:08  Zealot x3  
  88  7:09  Zealot  
  94  7:30  Immortal  
  94  7:31  High Templar  
  94  7:34  Gateway  
  94  7:35  Gateway  
  100  7:40  Pylon  
  100  7:44  Pylon  
  100  7:45  Pylon, Protoss Ground Armor Level 1 (Chrono Boost)  
  100  8:04  Gateway x2  
  100  8:06  Pylon  
  100  8:09  Shield Battery, Photon Cannon  
  100  8:11  High Templar x2  
  100  8:12  High Templar  
  104  8:13  Zealot  
  104  8:15  Archon  
  104  8:16  Archon  
  106  8:21  Shield Battery  
  106  8:23  Photon Cannon  
  106  8:27  Nexus  
  106  8:31  Photon Cannon  
  106  8:34  Probe x2  
  106  8:38  High Templar x2  
  106  8:40  Zealot  
  114  8:52  Nexus  
  114  8:53  Zealot  
  117  8:55  Probe x2  
  117  8:56  Probe  
  117  8:59  Immortal  
  117  9:00  High Templar  
  117  9:01  High Templar  
  117  9:02  Archon  
  127  9:04  Zealot x3  
  127  9:05  Archon  
  133  9:16  Photon Cannon  
  133  9:17  Pylon  
  133  9:29  Pylon  
  133  9:30  Pylon  
  133  9:34  Pylon  
  133  9:35  Probe x3  
  136  9:39  Zealot  
  136  9:45  Zealot  
  138  9:47  Probe x3  
  138  9:50  Stalker x3  
  138  9:51  Stalker x3  
  153  9:59  Probe x3  
  156  10:11  Probe  
  156  10:13  Assimilator  
  157  10:15  Probe x2  
  157  10:17  Assimilator  
  157  10:19  High Templar x2  
  157  10:20  High Templar  
  165  10:22  Zealot x5  
  137  10:52  Archon  
  137  10:58  High Templar  
  137  10:59  High Templar x2  
  137  11:00  Zealot x3  
  137  11:01  Zealot x2  
  137  11:03  Archon  
  153  11:17  Probe x3  
  156  11:34  Gateway  
  156  11:38  Gateway  
  156  11:39  Gateway  
  144  11:40  Gateway  
  144  11:46  Nexus  
  134  11:47  Pylon  
  134  11:49  Pylon, High Templar x4  
  134  11:50  Zealot x4  
  134  11:52  Pylon  
Tags
 
Add a new tag
Caveats
  • Supply blocks, unpowered buildings, or Contaminate may cause inaccurate times.
  • Supply counts are checked every 10 seconds.